 Dungeon Crawl Stone Soup version 0.20.1-1-g8b1a95d (webtiles) character file.

1862 Jazqa the Spear-Bearer (level 9, -1/90 HPs)
             Began as a Naga Gladiator on Oct 28, 2017.
             Was a Believer of Ru.
             Killed from afar by an orc (18 damage)
             ... with a wand of lightning (?/15)
             ... on level 6 of the Dungeon.
             The game lasted 00:11:35 (5892 turns).

Jazqa the Spear-Bearer (Naga Gladiator)             Turns: 5892, Time: 00:11:36

Health: -1/90      AC:  6    Str: 18    XL:     9   Next: 13%
Magic:  9/9        EV: 13    Int: 10    God:    Ru [**....]
Gold:   308        SH:  0    Dex: 13    Spells: 8/8 levels left

rFire    . . .     SeeInvis +   a - +1 trident
rCold    . . .     Gourm    .   (no shield)
rNeg     . . .     Faith    .   b - +1 leather armour
rPois    +         Spirit   .   c - +0 helmet
rElec    .         Reflect  .   (no cloak)
rCorr    +         Harm     .   (no gloves)
MR       +....                  (no barding)
Stlth    +.........             (no amulet)
Regen    0.3/turn               R - ring of resist corrosion
MPRegen  0.2/turn               (no ring)

@: very slow
A: see invisible, deformed body, poison resistance, slowness 2, slow metabolism
1, spit poison 1, inability to train armour, no conjurations magic, no earth
magic, no necromancy magic, AC +3
a: Spit Poison, Renounce Religion


You were on level 6 of the Dungeon.
You worshipped Ru.
Ru was pleased with you.
You were not hungry.

You visited 1 branch of the dungeon, and saw 6 of its levels.
You also visited: Sewer.

You collected 308 gold pieces.


Innate Abilities, Weirdness & Mutations

You cannot wear boots.
Your serpentine skin is tough. (AC +3)
You have supernaturally acute eyesight. (SInv)
Armour fits poorly on your strangely shaped body.
Your system is resistant to poisons. (rPois)
You cover ground very slowly.
You have a slow metabolism.
You can spit poison.
You cannot train Armour skill.
You cannot study or cast Conjurations magic.
You cannot study or cast Earth magic.
You cannot study or cast Necromancy magic.


   Skills:
 + Level 8.9 Fighting
 + Level 9.2 Polearms
 - Level 2.0 Throwing
 + Level 7.3 Dodging


You had 8 spell levels left.
You didn't know any spells.

Inventory:

Hand Weapons
 a - a +1 trident (weapon)
Missiles
 d - 4 throwing nets (quivered) {=f}
Armour
 b - a +1 leather armour (worn)
 c - a +0 helmet (worn)
Jewellery
 C - the amulet "Bupyneme" {Harm *Drain Str+3}
   (You found it on level 4 of the Dungeon)

   [amulet of harm]

   It increases damage dealt and taken.
   It affects your strength (+3).
   It causes draining when unequipped.
 R - a ring of resist corrosion (left hand)
Wands
 g - a wand of random effects (28/48)
 s - a wand of lightning (1/15)
Scrolls
 i - 3 scrolls of remove curse {@r2}
 p - 2 scrolls of teleportation {@r4}
 q - a scroll of enchant armour
 v - a scroll of identify {@r1}
 w - a scroll of recharging
 x - a scroll of fog {unknown}
 z - a scroll of fear
Potions
 e - a potion of invisibility
 h - a potion of magic {unknown}
 k - a potion of brilliance {unknown}
 l - 4 potions of heal wounds {@q2}
 n - a potion of degeneration {unknown}
 r - 2 potions of mutation {unknown}
 A - a potion of resistance {unknown}
 B - 3 potions of curing {@q1}
 D - a potion of ambrosia {unknown}
 F - 2 potions of might {unknown}
Books
 u - a book of Callings

   Spells                             Type                      Level
   a - Summon Small Mammal            Summoning                    1
   b - Call Imp                       Summoning                    2
   c - Call Canine Familiar           Summoning                    3
   d - Summon Guardian Golem          Hexes/Summoning              3
   e - Summon Lightning Spire         Summoning/Air                4
   f - Summon Ice Beast               Ice/Summoning                4
Comestibles
 f - 5 bread rations {@e1}
 j - 3 meat rations {@e1}
 m - 8 fruits {@e2}
 o - a royal jelly {@e3}
 t - 12 chunks of flesh

Dungeon Overview and Level Annotations

Branches:
Dungeon (6/15)
 Temple: D:4-7

Altars:
Dithmenos
Elyvilon
Nemelex Xobeh
Ru
Sif Muna
Vehumet
Xom
Yredelemnul
Zin

Annotations:
D:6 exclusion: statue

#.# #.# .# #.# .# ... .. #.#
.# ##### #.# #.# ##...##
##.####.# #.....# #
#######....)..# #...... #.
#...(.@)o..#..# #.....#
###.##.#####.......# ##...##
.......###.#.##.#.# ##.#.#
####......#.###.#%#.###.###.#
#..........## ##..#<##.## #.
.........ยง#.###.###.##..# #
#
###.####...###.#(........#.#.
#...# ##.## #.#.###..####.###
###.#.#####.#
#.#.###..........


You could see an orc.


Message History

You hit the orc wizard but do no damage.
The orc wizard is almost dead.
An orc comes into view.
Unknown command.
The orc shouts!
You hit the orc wizard.
You kill the orc wizard!
The orc throws a stone.
The stone barely misses you.
You hit the orc priest but do no damage.
The orc priest completely misses you.
Unknown command.
You hit the orc priest.
The orc priest is moderately wounded.
You puncture the orc priest!
The orc priest is severely wounded.
The orc priest hits you but does no damage.
You puncture the orc priest!
You kill the orc priest!
Attack whom?
Press: ? - help, Dir - move target cursor, f - orc
Aim: an orc, wielding a mace and wearing a leather armour You reach to attack!
You hit the orc.
The orc is heavily wounded.
The orc zaps a wand.
The bolt of lightning hits the orc.
The orc dies!
The bolt of lightning hits you!
* * * LOW HITPOINT WARNING * * *
It is a wand of lightning (?/15).
The orc zaps a wand.
The bolt of lightning hits you!
You die...

Skill      XL: |  1  2  3  4  5  6  7  8 |
---------------+-------------------------+-----
Throwing       | 2 |  2.0
Fighting       | 3 7 8 |  8.9
Polearms       | 4 8 9 |  9.2
Dodging        | 6 7 |  7.3

Action                   |  1- 3 |  4- 6 |  7- 9 || total
-------------------------+-------+-------+-------++-------
Melee: Trident           |   144 |   111 |   375 ||   630
Invok: Sacrifice Durabil |       |       |     1 ||     1
       Sacrifice Arcana  |       |       |     1 ||     1
 Abil: Spit Poison       |       |       |     3 ||     3
  Use: Scroll            |       |     3 |    10 ||    13
       Potion            |       |     1 |     1 ||     2
 Stab: Sleeping          |       |     1 |     1 ||     2
  Eat: Chunk             |     1 |     2 |    11 ||    14
Armor: Leather armour    |    24 |    25 |    73 ||   122
Dodge: Dodged            |    63 |    50 |   165 ||   278

Vault maps used:
D:1:      tarquinn_simple_flora_water_d, nrook_mini_backslash
D:2:      zin_scriptorium, chequers_ecumenical_altar_twisty,
          nicolae_ru_sacrificial_ziggurat, uniq_natasha
D:3:      first_bread, kennysheep_generic_room_4, uniq_grinder
D:4:      old_standard_altar, grunt_temple_overflow_open
D:5:      lemuel_zombie_altar_yredelemnul, elyvilon_altar_5,
          portal_sewer_entry_f
D:6:      vehumet_statue, basic_altar, uniq_prince_ribbit1
Sewer:    sewer_co_scattered_pipes

Notes
Turn   | Place    | Note
-------+----------+-------------------------------------------
     0 | D:1      | Jazqa the Naga Gladiator began the quest for the Orb.
     0 | D:1      | Reached XP level 1. HP: 19/19 MP: 1/1
   246 | D:1      | Reached XP level 2. HP: 21/27 MP: 2/2
   557 | D:1      | Reached XP level 3. HP: 29/33 MP: 3/3
   779 | D:1      | Reached skill level 2 in Throwing
   807 | D:1      | Reached skill level 3 in Fighting
  1173 | D:2      | Found a faded altar of an unknown god.
  1387 | D:2      | Reached XP level 4. HP: 34/42 MP: 4/4
  1410 | D:2      | Found a sacrificial altar of Ru.
  1421 | D:2      | Reached skill level 4 in Polearms
  1436 | D:2      | Became a worshipper of Ru the Awakened
  1476 | D:2      | Noticed Natasha
  1486 | D:2      | Killed Natasha
  1685 | D:2      | Noticed Natasha
  1692 | D:2      | Killed Natasha
  1692 | D:2      | Reached XP level 5. HP: 45/49 MP: 5/5
  1694 | D:2      | Identified a potion of experience
  1696 | D:2      | Reached skill level 7 in Fighting
  1696 | D:2      | Reached skill level 8 in Polearms
  1696 | D:2      | Reached skill level 6 in Dodging
  1696 | D:2      | Reached XP level 6. HP: 62/67 MP: 6/6
  1719 | D:2      | Found a glowing silver altar of Zin.
  1759 | D:2      | Noticed Natasha
  1767 | D:2      | Killed Natasha
  2157 | D:3      | Noticed Grinder
  2159 | D:3      | Paralysed by Grinder for 2 turns
  2176 | D:3      | Paralysed by Grinder for 3 turns
  2180 | D:3      | Killed Grinder
  2180 | D:3      | Reached skill level 8 in Fighting
  2180 | D:3      | Reached XP level 7. HP: 30/74 MP: 7/7
  2729 | D:3      | Gained mutation: You cannot train Armour skill. [Ru sacrifice]
  2729 | D:3      | Reached * piety under Ru
  3388 | D:4      | Found a shimmering altar of Xom.
  3573 | D:4      | Found a sparkling altar of Nemelex Xobeh.
  3575 | D:4      | Found a deep blue altar of Sif Muna.
  3637 | D:4      | Found a shadowy altar of Dithmenos.
  3773 | D:4      | Got a scintillating ivory amulet
  3775 | D:4      | Identified the amulet "Bupyneme" {Harm *Drain Str+3} (You found it on level 4 of the Dungeon)
  3885 | D:5      | Entered Level 5 of the Dungeon
  3967 | D:5      | Reached XP level 8. HP: 33/82 MP: 8/8
  4222 | D:5      | Reached skill level 7 in Dodging
  4316 | D:5      | Found a glowing drain.
  4336 | Sewer    | Entered a sewer
  5035 | D:5      | Reached skill level 9 in Polearms
  5136 | D:5      | Found a white marble altar of Elyvilon.
  5145 | D:5      | Gained mutation: You cannot study or cast Earth magic. [Ru sacrifice]
  5145 | D:5      | Gained mutation: You cannot study or cast Necromancy magic. [Ru sacrifice]
  5145 | D:5      | Gained mutation: You cannot study or cast Conjurations magic. [Ru sacrifice]
  5145 | D:5      | Reached ** piety under Ru
  5458 | D:5      | Found a basalt altar of Yredelemnul.
  5827 | D:6      | Found a radiant altar of Vehumet.
  5858 | D:6      | Noticed Prince Ribbit
  5881 | D:6      | Killed Prince Ribbit
  5881 | D:6      | Reached XP level 9. HP: 36/90 MP: 9/9
  5892 | D:6      | Killed from afar by an orc

Vanquished Creatures
  Prince Ribbit (D:6)
  Grinder (D:3)
  2 sky beasts (D:5)
  4 ogres
  2 howler monkeys (D:5)
  3 crimson imps
  2 orc priests (D:6)
  3 hounds
  2 iguanas
  4 orc wizards
  Natasha (thrice) (D:2)
  A worker ant (D:5)
  A worker ant zombie (D:6)
  A gnoll (D:1)
  8 adders
  3 worms
  A dart slug (D:1)
  10 leopard geckos
  21 orcs
  3 ball pythons
  7 giant cockroaches
  12 goblins
  13 hobgoblins
  11 jackals
  20 kobolds
  A quokka (D:4)
  5 bats
  8 frilled lizards
  2 gnoll zombies (D:5)
  7 rats
  A plant (Sewer)
163 creatures vanquished.

Vanquished Creatures (others)
  An orc (D:6)
1 creature vanquished.

Grand Total: 164 creatures vanquished
